 Seeded DCSS version 0.28.0-62-gf88900778d (webtiles) character file.

Game seed: 13690106713218316315 (custom seed)

18 cbfl8 the Poker (level 2, -5/23 HPs)
             Began as a Merfolk Gladiator on July 4, 2023.
             Slain by an orc
             ... wielding a +0 trident
              (7 damage)
             ... on level 3 of the Dungeon.
             The game lasted 00:00:40 (427 turns).

cbfl8 the Poker (Merfolk Gladiator)                  Turns: 427, Time: 00:00:40

Health: -5/23      AC:  4    Str: 14    XL:     2   Next: 70%
Magic:  2/2        EV: 13    Int:  7    God:
Gold:   11         SH:  0    Dex: 15    Spells: 1/1 levels left

rFire   . . .      SeeInvis .   a - +0 trident (flame)
rCold   . . .      Faith    .   (no shield)
rNeg    . . .      Spirit   .   b - +0 leather armour
rPois   .          Reflect  .   c - +0 helmet
rElec   .          Harm     .   (no cloak)
rCorr   .          Rampage  .   (no gloves)
Will    .....                   (no boots)
Stlth   +.........              (no amulet)
HPRegen 0.07/turn               (no ring)
MPRegen 0.08/turn               (no ring)

@: no status effects
A: (nimble swimmer 2), mertail
a: no special abilities


You were on level 3 of the Dungeon.
You visited 1 branch of the dungeon, and saw 3 of its levels.

You collected 11 gold pieces.

Inventory:

Hand Weapons
 a - a +0 trident of flaming (weapon)
Missiles
 d - 3 throwing nets (quivered)
Armour
 b - a +0 leather armour (worn)
 c - a +0 helmet (worn)


   Skills:
 + Level 2.5 Fighting
 + Level 4.6 Polearms
 + Level 2.0 Throwing
 + Level 4.5 Dodging
 * Level 0.8 Evocations


You had one spell level left.
You didn't know any spells.
Your spell library was empty.

Dungeon Overview and Level Annotations

Branches:
Dungeon (2/15)

Altars:


Innate Abilities, Weirdness & Mutations

((You are very nimble when in or above water. (Stealth+, EV+, Speed+++)))
Your lower body shifts to a powerful aquatic tail in water.


Message History

You hit the orc. You burn the orc.
The orc is severely wounded.
The orc hits you but does no damage. The orc hits you with a +0 war axe!
You completely miss the orc.
The orc is severely wounded.
The orc misses you. The orc closely misses you.
An orc comes into view. It is wielding a +0 club.
The orc shouts!
You hit the orc but do no damage.
The orc is severely wounded.
The orc completely misses you. The orc barely misses you.
You closely miss the orc.
The orc is severely wounded.
The orc closely misses you. The orc completely misses you.
The orc closely misses you.
You hit the orc but do no damage.
The orc is severely wounded.
The orc barely misses you. The orc misses you.
You closely miss the orc.
The orc is severely wounded.
The orc barely misses you. x2
You hit the orc. You burn the orc.
You kill the orc!
The orc hits you from afar with a +0 trident.
Items here: )) [[ ††.
You hit the orc. You burn the orc.
The orc is heavily wounded.
The orc barely misses you. The orc hits you but does no damage.
You barely miss the orc.
The orc is heavily wounded.
The orc hits you with a +0 club.
The orc hits you from afar with a +0 trident.
* * * LOW HITPOINT WARNING * * *
You hit the orc. You burn the orc.
You kill the orc!
The orc hits you but does no damage. The orc closely misses you.
You see here a +0 club.
You completely miss the orc. The orc hits you with a +0 trident!
You die...

### #.. #..
#####################..
#>...o@).$.............
#.#######.###########..
#.# ### #.# #.# ... #.#
#.#


You could see an orc.

Vanquished Creatures
  An adder (D:3)
  3 orcs (D:3)
  A quokka (D:2)
  2 goblins (D:1)
7 creatures vanquished.

Vanquished Creatures (others)
  6 fungi (D:2)
  4 plants (D:2)
10 creatures vanquished.

Grand Total: 17 creatures vanquished

Notes
Turn   | Place    | Note
-------+----------+-------------------------------------------
     0 | D:1      | cbfl8 the Merfolk Gladiator began the quest for the Orb.
     0 | D:1      | Reached XP level 1. HP: 16/16 MP: 1/1
   321 | D:2      | You fall into a shaft and drop 1 floor!
   342 | D:3      | Reached XP level 2. HP: 23/23 MP: 2/2
   427 | D:3      | Slain by an orc

Illustrated notes

Levels and vault maps discovered:
D:1:      dpeg_arrival_long_road, layout_basic, minivault_11
D:2:      layout_loops_cross, shapermc_ecumenical_altar_mp_urbaneastern,
          kennysheep_generic_room_13
D:3:      layout_basic

Action                   || total
-------------------------++-------
Melee: Trident           ||    27
  Use: Scroll            ||     2
Armor: Leather armour    ||     6
Dodge: Dodged            ||    26
